 Dungeon Crawl Stone Soup version 0.31-a0-233-g139696dc86 (webtiles) character file.

Game seed: 12982470336074863172

200 qw the Shooter (level 5, -4/45 HPs)
             Began as a Minotaur Hexslinger on July 9, 2023.
             Slain by a gnoll
             ... wielding a +0 halberd
              (13 damage)
             ... on level 3 of the Dungeon.
             The game lasted 00:00:38 (1963 turns).

qw the Shooter (Minotaur Hexslinger)                Turns: 1963, Time: 00:00:38

Health: -4/45      AC:  2    Str: 10 (13) XL:     5   Next: 48%
Magic:  5/5        EV: 12    Int:  7 (10) God:
Gold:   37         SH:  0    Dex: 13 (14) Spells: 5/6 levels left

rFire   . . .        Y - +2 sling
rCold   . . .        (no shield)
rNeg    . . .        c - +0 robe
rPois   .            (helmet restricted)
rElec   .            (no cloak)
rCorr   .            (no gloves)
SInv    +            (no boots)
Will    .....        (no amulet)
Stlth   +            h - ring of see invisible
HPRegen 0.27/turn    (no ring)
MPRegen 0.09/turn

%: no passive effects
@: no status effects
A: horns 2, retaliatory headbutt
a: no special abilities


You were on level 3 of the Dungeon.
You visited 1 branch of the dungeon, and saw 3 of its levels.

You collected 37 gold pieces.


Innate Abilities, Weirdness & Mutations

You have a pair of horns on your head.
You reflexively headbutt those who attack you in melee.


   Skills:
 - Level 3.0 Fighting
 + Level 5.8 Ranged Weapons
 - Level 2.1 Dodging
 - Level 1.0 Spellcasting
 - Level 2.0 Hexes


You had 5 spell levels left.
You knew the following spells:

 Your Spells              Type           Power      Damage    Failure   Level
a - Slow                  Hex            12%        N/A       19%         1

Your spell library contained the following spells:

 Spells                   Type           Power      Damage    Failure   Level
 Inner Flame              Hex/Fire       1%         N/A       63%         3
 Portal Projectile        Hex/Tloc       2%         N/A       63%         3
 Cause Fear               Hex            1%         N/A       88%         4

Inventory:

Hand Weapons
 Y - a +2 sling (weapon)
Armour
 c - a +0 robe (worn)
Jewellery
 h - a ring of see invisible (left hand)
Potions
 b - a potion of lignification {unknown}
 d - a potion of attraction {unknown}
 f - a potion of curing {unknown}
 g - 2 potions of haste
 i - a potion of might {unknown}

Dungeon Overview and Level Annotations

Branches:
Dungeon (3/15)

Altars:
Qazlal


Message History

You kill the dart slug!
A gnoll comes into view. It is wielding a +0 whip.
The gnoll shouts!
A gnoll comes into view. It is wielding a +0 halberd.
You shoot a sling bullet. The gnoll shouts!
The sling bullet hits the gnoll.
The gnoll is moderately wounded.
You shoot a sling bullet.
The sling bullet hits the gnoll but does no damage.
The gnoll is moderately wounded.
A gnoll comes into view. It is wielding a +0 halberd.
You shoot a sling bullet.
The sling bullet barely misses the gnoll.
The sling bullet closely misses the gnoll.
You shoot a sling bullet. The sling bullet hits the gnoll.
The gnoll is severely wounded.
You shoot a sling bullet.
The sling bullet closely misses the gnoll.
The sling bullet hits the gnoll.
The gnoll is lightly wounded.
A kobold comes into view.
It is wielding a +0 short sword and quivering poisoned darts.
You shoot a sling bullet.
The sling bullet barely misses the gnoll.
The kobold shouts!
The gnoll closely misses you. The gnoll hits you with a +0 whip.
You shoot a sling bullet. The sling bullet hits the gnoll.
You kill the gnoll!
The gnoll hits you from afar with a +0 halberd.
The gnoll misses you.
You shoot a sling bullet. The sling bullet hits the gnoll.
The gnoll is moderately wounded.
The gnoll hits you from afar with a +0 halberd! x2
You shoot a sling bullet. The sling bullet hits the gnoll!
You kill the gnoll!
The gnoll hits you from afar with a +0 halberd!
You shoot a sling bullet. The sling bullet hits the gnoll!
The gnoll is heavily wounded.
The gnoll hits you from afar with a +0 halberd!
You die...

#######.#..#..###
.................
................
...........<...
#............#
.............#
.....g.).....##.#
#$.K.@........#
#.#####<..#####
#...# ##....#
....... ###%#.#
.... #.# ..


You could see a gnoll and a kobold.

Vanquished Creatures
  Jessica (D:2)
  Terence (D:2)
  Natasha (thrice) (D:2)
  2 gnolls (D:3)
  An adder (D:2)
  3 dart slugs
  A bat (D:1)
  4 endoplasms (D:1)
  3 goblins (D:1)
  3 hobgoblins (D:1)
  4 jackals (D:1)
  4 kobolds
  A quokka (D:1)
  8 ball pythons
  2 frilled lizards
  3 rats
44 creatures vanquished.

Notes
Turn   | Place    | Note
-------+----------+-------------------------------------------
     0 | D:1      | qw the Minotaur Hexslinger began the quest for the Orb.
     0 | D:1      | Reached XP level 1. HP: 16/16 MP: 1/1
     0 | D:1      | 0 ||| qw: Version: 0.3-a-51-g015441d
     0 | D:1      | 0 ||| qw: Game counter: 3839
     0 | D:1      | 0 ||| qw: Melee chars always use a shield: true
     0 | D:1      | 0 ||| qw: God list: Okawaru
     0 | D:1      | 0 ||| qw: Allow faded altars: false
     0 | D:1      | 0 ||| qw: Do Orc after clearing Dungeon:15 true
     0 | D:1      | 0 ||| qw: Do second Lair branch before Depths: true
     0 | D:1      | 0 ||| qw: Lair rune preference: random
     0 | D:1      | 0 ||| qw: Goals: Normal
     0 | D:1      | 0 ||| PLANNING D:1-11
   255 | D:1      | Reached skill level 3 in Ranged Weapons
   255 | D:1      | Reached XP level 2. HP: 21/23 MP: 2/2
   552 | D:1      | Reached XP level 3. HP: 29/29 MP: 3/3
   934 | D:1      | 934 ||| READING scroll labelled DEUDOH MIFFI.
   935 | D:1      | 935 ||| READING scroll labelled KAYSEASOEJ.
   936 | D:1      | 936 ||| DRINKING 2 cyan potions.
   937 | D:1      | 937 ||| DROPPING scroll of poison.
   978 | D:2      | Noticed Natasha
   982 | D:2      | Killed Natasha
   983 | D:2      | Reached skill level 4 in Ranged Weapons
  1011 | D:2      | Noticed Natasha
  1024 | D:2      | Killed Natasha
  1025 | D:2      | Reached XP level 4. HP: 26/36 MP: 4/4
  1083 | D:2      | Found a stormy altar of Qazlal.
  1170 | D:2      | Noticed Jessica
  1177 | D:2      | HP: 8/36 [Jessica/+0 club (5)]
  1181 | D:2      | Killed Jessica
  1182 | D:2      | Reached skill level 5 in Ranged Weapons
  1386 | D:2      | Noticed Terence
  1396 | D:2      | HP: 8/37 [Terence/+0 short sword (5)]
  1400 | D:2      | Killed Terence
  1401 | D:2      | Reached skill level 3 in Fighting
  1401 | D:2      | Reached XP level 5. HP: 5/45 MP: 5/5
  1597 | D:2      | Noticed Natasha
  1601 | D:2      | Killed Natasha
  1912 | D:2      | 1912 ||| UPGRADING to ring of see invisible.
  1913 | D:2      | 1913 ||| READING scroll labelled XOFEPU MOIV.
  1914 | D:2      | 1914 ||| READING scroll labelled DUUTSU XUITYMM.
  1915 | D:2      | 1915 ||| DRINKING 3 dark potions.
  1916 | D:2      | 1916 ||| DROPPING 2 potions of degeneration.
  1962 | D:3      | HP: 9/45 [gnoll/+0 halberd (9)]
  1963 | D:3      | Slain by a gnoll

Levels and vault maps discovered:
D:1:      scummos_arrival_simple_fountains, layout_basic, serial_bayou_pond_c,
          minivault_14, chequers_hall_statues_corner_a, interstate_on_off,
          minmay_curled_crystal, minmay_pentomino_s4
D:2:      layout_basic, basic_altar, serial_forest,
          infiniplex_forest_clump_diagonal, infiniplex_forest_clump_large,
          infiniplex_forest_lined_corner, infiniplex_forest_straight_3,
          infiniplex_forest_end_double, infiniplex_forest_join,
          infiniplex_forest_fountain, infiniplex_forest_end_2, uniq_natasha,
          uniq_jessica, uniq_terence
D:3:      layout_basic, serial_glass, glass_columns_a, glass_columns_b,
          minmay_lizard_king, uniq_grinder

Skill      XL: |  1  2  3  4 |
---------------+-------------+-----
Ranged Weapons | 3 4 5 |  5.8
Fighting       | 2 3 |  3.0
Dodging        | |  2.1
Spellcasting   | |  1.0
Hexes          | |  2.0

Action                     |  1- 3 |  4- 6 || total
---------------------------+-------+-------++-------
   Fire: Sling             |    78 |    56 ||   134
    Use: Scroll            |     2 |     2 ||     4
         Potion            |     1 |     1 ||     2
 Armour: Robe              |     3 |     1 ||     4
  Dodge: Dodged            |    16 |    12 ||    28

Table legend:
 A = Non-vault XP
 B = Vault XP
 C = Vault XP percentage of total XP
 D = Non-vault monster count
 E = Vault monster count
 F = Vault count percentage of total count
                 A         B        C        D         E       F
            +---------+---------+-------+---------+---------+-------
      Total |     168 |     118 |  41.3 |      37 |       7 |  15.9
            +---------+---------+-------+---------+---------+-------
        D:1 |      47 |      10 |  17.5 |      25 |       4 |  13.8
        D:2 |      90 |     108 |  54.5 |       9 |       3 |  25.0
        D:3 |      31 |       0 |   0.0 |       3 |       0 |   0.0
            +---------+---------+-------+---------+---------+-------
